 Dungeon Crawl Stone Soup version 0.21-a0-210-gbfa5647 (webtiles) character file.

137 Gorglomux the Skirmisher (level 5, -2/47 HPs)
             Began as a Hill Orc Abyssal Knight on Aug 21, 2017.
             Was a Believer of Lugonu.
             Slain by a worker ant (3 damage)
             ... on level 4 of the Dungeon.
             The game lasted 00:05:05 (3315 turns).

Gorglomux the Skirmisher (Hill Orc Abyssal Knight)  Turns: 3315, Time: 00:05:05

Health: -2/47      AC:  6    Str: 21    XL:     5   Next: 20%
Magic:  7/7        EV: 10    Int: 17    God:    Lugonu [**....]
Gold:   316        SH:  0    Dex: 10    Spells: 4/4 levels left

rFire    . . .     SeeInvis .   a - +0 war axe
rCold    . . .     Gourm    .   (no shield)
rNeg     . . .     Faith    .   D - +0 scale mail
rPois    .         Spirit   .   (no helmet)
rElec    .         Reflect  .   (no cloak)
rCorr    .         Harm     .   (no gloves)
MR       .....                  (no boots)
Stlth    ..........             (no amulet)
HPRegen  0.15/turn              (no ring)
MPRegen  0.10/turn              (no ring)

@: mighty, brilliant, lethally poisoned (-2 -> -12)
A: no striking features
a: Depart the Abyss, Bend Space, Renounce Religion


You were on level 4 of the Dungeon.
You worshipped Lugonu.
Lugonu was pleased with you.
You were not hungry.

You visited 1 branch of the dungeon, and saw 4 of its levels.
You visited the Abyss 1 time.

You collected 316 gold pieces.

Inventory:

Hand Weapons
 a - a +0 war axe (weapon)
Missiles
 Z - 2 throwing nets (quivered)
Armour
 b - a +0 leather armour
 D - a +0 scale mail (worn)
Jewellery
 V - a +3 amulet of reflection {unknown}
Wands
 P - a wand of paralysis (9/24)
Scrolls
 C - a scroll of magic mapping {unknown}
 E - a scroll of fear {unknown}
 F - 2 scrolls of enchant weapon {unknown}
 G - 3 scrolls of immolation {unknown}
 H - 3 scrolls of teleportation {unknown}
 M - 2 scrolls of identify {unknown}
 T - a scroll of remove curse {unknown}
 U - a scroll of blinking {unknown}
 W - a scroll of noise {unknown}
Potions
 N - a potion of haste {unknown}
 Y - a potion of magic {unknown}
Comestibles
 c - 5 bread rations
 z - a meat ration
 L - a royal jelly
 X - 4 fruits


   Skills:
 + Level 4.6 Fighting
 + Level 4.0 Axes
 + Level 3.5 Armour
 - Level 0.7 Dodging
 + Level 3.8 Invocations


You had 4 spell levels left.
You didn't know any spells.

Dungeon Overview and Level Annotations

Branches:
Dungeon (4/15)
 Temple: D:4-7

Altars:
Ashenzari
Hepliaklqana


Message History

* * * don't die
* * * You are lethally poisoned!!!
The worker ant poisons you!!!
You are too injured to fight recklessly!!!
Butt barely miss the worker ant!
The worker ant is heavily wounded! * * * don't die
* * * You feel sick!
The worker ant bites you but does no butt!
The worker ant bites you! * * * don't die
* * * It was a potion of brilliance!
You feel butt all of a sudden! * * * don't die
* * * You feel sick!
The worker ant barely misses you!
It was a potion of might!
You feel very mighty all of a sudden! * * * don't die
* * * You feel sick!
The worker ant bites you! butt

#.# #.###.#
#.# #.# #.#
#.###.###.#
##.##|..##.#
#..........#
...##...####
## ##.##
#.### #..@#
###$a....#
#.###### #.#
#.# #.# ...
..#


You could see a worker ant.

Vanquished Creatures
  Terence (D:2)
  An adder (D:2)
  A gnoll (D:1)
  An ooze (D:3)
  4 worms
  4 dart slugs
  3 leopard geckos
  6 orcs (D:3)
  A giant cockroach (D:2)
  6 hobgoblins
  2 jackals (D:2)
  A quokka (D:3)
  A ball python (D:1)
  9 bats
  2 frilled lizards
  5 goblins
  9 kobolds
  6 rats
63 creatures vanquished.

Notes
Turn   | Place    | Note
-------+----------+-------------------------------------------
     0 | Abyss:1  | Gorglomux the Hill Orc Abyssal Knight began the quest for the Orb.
     0 | Abyss:1  | Reached XP level 1. HP: 19/19 MP: 2/2
    59 | Abyss:1  | Noticed a chaos spawn
   126 | D:1      | Escaped the Abyss
   275 | D:1      | Found a shattered altar of Ashenzari.
   277 | D:1      | Reached XP level 2. HP: 26/27 MP: 4/4
   505 | D:1      | Reached skill level 3 in Axes
  1116 | D:1      | Reached XP level 3. HP: 33/33 MP: 5/5
  1217 | D:1      | Reached ** piety under Lugonu
  1470 | D:2      | Reached skill level 3 in Invocations
  1570 | D:2      | Reached skill level 3 in Armour
  1610 | D:2      | Noticed Terence
  1622 | D:2      | Killed Terence
  1622 | D:2      | Reached XP level 4. HP: 35/40 MP: 6/6
  1625 | D:2      | Found a faded altar of an unknown god.
  2554 | D:3      | Reached XP level 5. HP: 43/47 MP: 7/7
  2610 | D:3      | Found a hazy altar of Hepliaklqana.
  3314 | D:4      | HP: 2/47 [poisoned by a worker ant]
  3315 | D:4      | Slain by a worker ant

Vault maps used:
D:1:      minmay_arrival_split_and_join, nicolae_ashenzari_panopticon
D:2:      first_bread, chequers_ecumenical_altar_simple, uniq_terence
D:3:      overflow_temple_1_default, minmay_misc_feat_tiny
D:4:      uniq_blork_the_orc, uniq_ijyb, uniq_grinder

Skill      XL: |  1  2  3  4  5 |
---------------+----------------+-----
Axes           | 3 4 |  4.0
Fighting       | 4 |  4.6
Invocations    | 3 |  3.8
Armour         | 3 |  3.5
Dodging        | |  0.7

Action                   |  1- 3 |  4- 6 || total
-------------------------+-------+-------++-------
Melee: Hand axe          |    93 |    97 ||   190
       War axe           |       |    51 ||    51
  Use: Potion            |     1 |     2 ||     3
  Eat: Chunk             |     2 |     6 ||     8
Armor: Leather armour    |     7 |       ||     7
       Scale mail        |    48 |    70 ||   118
       Skin              |     1 |       ||     1
Dodge: Dodged            |    32 |    62 ||    94

Table legend:
 A = Spawn XP
 B = Non-spawn XP
 C = Spawn XP percentage of total XP
 D = Spawn monster count
 E = Non-spawn monster count
 F = Spawn count percentage of total count
 G = Total turns spent on level
                    A         B        C        D         E        F      G
               +---------+---------+-------+---------+---------+-------+---------
         Total |      16 |     180 |   8.2 |       9 |      54 |  14.3 |  3315
               +---------+---------+-------+---------+---------+-------+---------
           D:1 |       4 |      44 |   8.3 |       3 |      19 |  13.6 |  1332
           D:2 |       8 |      84 |   8.7 |       4 |      17 |  19.0 |   967
           D:3 |       4 |      47 |   7.8 |       2 |      17 |  10.5 |   836
           D:4 |       0 |       5 |   0.0 |       0 |       1 |   0.0 |    54
               +---------+---------+-------+---------+---------+-------+---------
